SNL (28 & UNDER)
KEY WEST BARRACUDAS @ SANTA FE DIABLOS
05/03/2028
 
TOP OF THE 1ST
Key West Barracudas batting - Pitching for Santa Fe Diablos : LHP Dan O'Brien
Pitching: LHP Dan O'Brien
Batting: SHB Luis Manuel López 0-0: Ball
1-0: Ball
2-0: SINGLE (Line Drive, 7S)
Batting: SHB Héctor Jiménez 0-0: Called Strike
0-1: Ball
1-1: Fly out, F8 (Flyball, 8RM)
Batting: RHB Frederick Chamberlain 0-0: Ball
1-0: Called Strike
1-1: Ball
2-1: Ball
3-1: Foul Ball, location: 2F
3-2: Foul Ball, location: 2F
3-2: Fly out, F8 (Flyball, 8RXD)
Batting: SHB Héctor Padilla 0-0: Ball
1-0: Called Strike
1-1: Ball
2-1: Fielders Choice at 2nd, U6 (Groundball, 6M)
Top of the 1st over - 0 run(s), 1 hit(s), 0 error(s), 1 left on base; Key West 0 - Santa Fe 0
BOTTOM OF THE 1ST
Santa Fe Diablos batting - Pitching for Key West Barracudas : RHP Kade Coleman
Pitching: RHP Kade Coleman
Batting: LHB David Hernández 0-0: Ball
1-0: Fly out, F7 (Flyball, 7)
Batting: SHB George Adams 0-0: Ball
1-0: Foul Ball, location: 2F
1-1: Called Strike
1-2: Ball
2-2: Foul Ball, location: 2F
2-2: Ball
3-2: SINGLE (Groundball, 4S) (infield hit)
Batting: LHB Michael Barrett 0-0: Ball
George Adams is caught stealing 2nd base
1-0: Called Strike
1-1: Ground out 6-3 (Groundball, 6)
Bottom of the 1st over - 0 run(s), 1 hit(s), 0 error(s), 0 left on base; Key West 0 - Santa Fe 0
TOP OF THE 2ND
Key West Barracudas batting - Pitching for Santa Fe Diablos : LHP Dan O'Brien
Batting: RHB Ramón Díaz 0-0: Called Strike
0-1: Ground out 5-3 (Groundball, 56)
Batting: SHB Jacob Knapp 0-0: Called Strike
0-1: Called Strike
0-2: Ball
1-2: Ball
2-2: Ball
3-2: SINGLE (Line Drive, 34)
Batting: RHB Anastasio Zartuche 0-0: Called Strike
0-1: Ball
1-1: Called Strike
1-2: Strikes out looking
Batting: SHB Dan Dunn 0-0: Ball
1-0: Swinging Strike
1-1: SINGLE (Groundball, 6M) (infield hit)
Jacob Knapp to second
Batting: RHB Júlio Cruz 0-0: Called Strike
0-1: Ball
1-1: Swinging Strike
1-2: Ball
2-2: Strikes out swinging
Top of the 2nd over - 0 run(s), 2 hit(s), 0 error(s), 2 left on base; Key West 0 - Santa Fe 0
BOTTOM OF THE 2ND
Santa Fe Diablos batting - Pitching for Key West Barracudas : RHP Kade Coleman
Batting: RHB Lee Price 0-0: Ball
1-0: Ground out 6-3 (Groundball, 6)
Batting: LHB John Bond 0-0: Ball
1-0: Called Strike
1-1: Foul Ball, location: 2F
1-2: Ball
2-2: Foul Ball, location: 2F
2-2: Strikes out swinging
Batting: RHB John Dinkins 0-0: Foul Ball, location: 2F
0-1: Called Strike
0-2: Ground out 6-3 (Groundball, 6)
Bottom of the 2nd over - 0 run(s), 0 hit(s), 0 error(s), 0 left on base; Key West 0 - Santa Fe 0
TOP OF THE 3RD
Key West Barracudas batting - Pitching for Santa Fe Diablos : LHP Dan O'Brien
Batting: SHB Luis Manuel López 0-0: Swinging Strike
0-1: Called Strike
0-2: Ball
1-2: Strikes out looking
Batting: SHB Héctor Jiménez 0-0: Ball
1-0: Ball
2-0: Called Strike
2-1: Swinging Strike
2-2: Ball
3-2: Strikes out looking
Batting: RHB Frederick Chamberlain 0-0: SINGLE (Line Drive, 78S)
Batting: SHB Héctor Padilla 0-0: Ball
Frederick Chamberlain steals 2nd base
1-0: Swinging Strike
1-1: Foul Ball, location: 2F
1-2: Strikes out swinging
Top of the 3rd over - 0 run(s), 1 hit(s), 0 error(s), 1 left on base; Key West 0 - Santa Fe 0
BOTTOM OF THE 3RD
Santa Fe Diablos batting - Pitching for Key West Barracudas : RHP Kade Coleman
Batting: LHB Ricardo Ruíz 0-0: SINGLE (Line Drive, 34D)
Batting: LHB Javier Martínez 0-0: Ball
Ricardo Ruíz steals 2nd base
1-0: Called Strike
1-1: Called Strike
1-2: Strikes out swinging
Batting: RHB Henning Huisman 0-0: Ball
1-0: Called Strike
1-1: Ball
2-1: Foul Ball, location: 2F
2-2: Ball
3-2: Base on Balls
Batting: LHB David Hernández 0-0: Fly out, F6 (Line Drive, 6)
Batting: SHB George Adams 0-0: Called Strike
0-1: Fielders Choice at 2nd, 6-4 (Groundball, 6)
Bottom of the 3rd over - 0 run(s), 1 hit(s), 0 error(s), 1 left on base; Key West 0 - Santa Fe 0
TOP OF THE 4TH
Key West Barracudas batting - Pitching for Santa Fe Diablos : LHP Dan O'Brien
Batting: RHB Ramón Díaz 0-0: Ball
1-0: Foul Ball, location: 2F
1-1: Fly out, F7 (Flyball, 78S)
Batting: SHB Jacob Knapp 0-0: Called Strike
0-1: Ball
1-1: SINGLE (Line Drive, 4D)
Batting: RHB Anastasio Zartuche 0-0: DOUBLE (Line Drive, 89M)
Jacob Knapp to third
Batting: SHB Dan Dunn 0-0: Called Strike
0-1: Called Strike
0-2: Ball
1-2: Ground out 5-3 (Groundball, 56)
Jacob Knapp scores
Batting: RHB Júlio Cruz 0-0: Called Strike
0-1: Fly out, F7 (Flyball, 7LSF)
Top of the 4th over - 1 run(s), 2 hit(s), 0 error(s), 1 left on base; Key West 1 - Santa Fe 0
BOTTOM OF THE 4TH
Santa Fe Diablos batting - Pitching for Key West Barracudas : RHP Kade Coleman
Batting: LHB Michael Barrett 0-0: Called Strike
0-1: Ball
1-1: Ball
2-1: Ball
3-1: Base on Balls
Batting: RHB Lee Price 0-0: Called Strike
0-1: Ball
1-1: Swinging Strike
1-2: Ball
2-2: SINGLE (Groundball, 34) (infield hit)
Michael Barrett to second
Batting: LHB John Bond 0-0: Ball
1-0: Grounds into double play, 6-4-3 (Groundball, 6)
Michael Barrett to third
Batting: RHB John Dinkins 0-0: DOUBLE (Line Drive, 8LXD)
Michael Barrett scores
Batting: LHB Ricardo Ruíz 0-0: Called Strike
0-1: Ball
1-1: Ball
2-1: Foul Ball, location: 2F
2-2: Foul Ball, location: 2F
2-2: Ground out 6-3 (Groundball, 6)
Bottom of the 4th over - 1 run(s), 2 hit(s), 0 error(s), 1 left on base; Key West 1 - Santa Fe 1
TOP OF THE 5TH
Key West Barracudas batting - Pitching for Santa Fe Diablos : LHP Dan O'Brien
Batting: SHB Luis Manuel López 0-0: DOUBLE (Line Drive, 89M)
Pinch Runner at 2nd Richard Sanders:
Batting: SHB Héctor Jiménez 0-0: Ball
1-0: Foul Ball, location: 2F
1-1: Foul Ball, location: 2F
1-2: Strikes out swinging
Batting: RHB Frederick Chamberlain 0-0: Called Strike
0-1: Ball
1-1: Ball
2-1: Ball
3-1: Ground out 6-3 (Groundball, 6)
Pitching: RHP Josh Carson
Batting: SHB Héctor Padilla 0-0: Foul Ball, location: 2F
0-1: Ball
1-1: Ball
2-1: Ball
3-1: Base on Balls
Batting: RHB Ramón Díaz 0-0: Ball
1-0: Foul Ball, location: 2F
1-1: Ball
2-1: Called Strike
2-2: Strikes out swinging
Top of the 5th over - 0 run(s), 1 hit(s), 0 error(s), 2 left on base; Key West 1 - Santa Fe 1
BOTTOM OF THE 5TH
Santa Fe Diablos batting - Pitching for Key West Barracudas : RHP Kade Coleman
Now at SS: Richard Sanders
Batting: LHB Javier Martínez 0-0: Ground out 4-3 (Groundball, 4)
Batting: RHB Henning Huisman 0-0: Fly out, F7 (Line Drive, 7D)
Batting: LHB David Hernández 0-0: Ball
1-0: Fly out, F5 (Popup, 5S)
Bottom of the 5th over - 0 run(s), 0 hit(s), 0 error(s), 0 left on base; Key West 1 - Santa Fe 1
TOP OF THE 6TH
Key West Barracudas batting - Pitching for Santa Fe Diablos : RHP Josh Carson
Batting: SHB Jacob Knapp 0-0: Ball
1-0: Ball
2-0: Ball
3-0: Called Strike
3-1: Base on Balls
Batting: RHB Anastasio Zartuche 0-0: Swinging Strike
0-1: Foul Ball, location: 2F
0-2: Strikes out swinging
Batting: SHB Dan Dunn 0-0: Swinging Strike
0-1: Swinging Strike
0-2: Ball
1-2: Strikes out swinging
Batting: RHB Júlio Cruz 0-0: Ball
1-0: Fly out, F3 (Line Drive, 3L)
Top of the 6th over - 0 run(s), 0 hit(s), 0 error(s), 1 left on base; Key West 1 - Santa Fe 1
BOTTOM OF THE 6TH
Santa Fe Diablos batting - Pitching for Key West Barracudas : RHP Kade Coleman
Batting: SHB George Adams 0-0: DOUBLE (Line Drive, 7LS)
Pitching: RHP Gabe Lewis
Batting: LHB Michael Barrett 0-0: Called Strike
0-1: Ball
1-1: SINGLE (Groundball, 6D)
George Adams to third
Batting: RHB Lee Price 0-0: Ball
1-0: SINGLE (Line Drive, 8RS)
George Adams scores
Michael Barrett to second
Batting: LHB John Bond 0-0: Ball
1-0: Swinging Strike
1-1: Foul Ball, location: 2F
1-2: Ball
2-2: Foul Ball, location: 2F
2-2: Strikes out swinging
Batting: RHB John Dinkins 0-0: Called Strike
0-1: Fly out, F9 (Flyball, 89M)
Batting: LHB Ricardo Ruíz 0-0: Ground out 4-3 (Groundball, 34D)
Bottom of the 6th over - 1 run(s), 3 hit(s), 0 error(s), 2 left on base; Key West 1 - Santa Fe 2
TOP OF THE 7TH
Key West Barracudas batting - Pitching for Santa Fe Diablos : RHP Josh Carson
Batting: RHB Richard Sanders 0-0: Foul Ball, location: 2F
0-1: Swinging Strike
0-2: Foul Ball, location: 2F
0-2: Strikes out swinging
Batting: SHB Héctor Jiménez 0-0: Ball
1-0: Called Strike
1-1: Swinging Strike
1-2: Foul Ball, location: 2F
1-2: Foul Ball, location: 2F
1-2: Ball
2-2: Foul Ball, location: 2F
2-2: Ball
3-2: Fly out, F5 (Line Drive, 5L)
Batting: RHB Frederick Chamberlain 0-0: Ball
1-0: SOLO HOME RUN (Flyball, 78XD), Distance : 416 ft
Batting: SHB Héctor Padilla 0-0: Swinging Strike
0-1: Ball
1-1: Ball
2-1: SINGLE (Line Drive, 89S)
Batting: RHB Ramón Díaz 0-0: Called Strike
Pickoff Throw to First - Error! E1
Héctor Padilla to second
0-1: Ball
1-1: Called Strike
1-2: Ball
2-2: Ball
3-2: Foul Ball, location: 2F
3-2: Base on Balls
Batting: SHB Jacob Knapp 0-0: Called Strike
0-1: Ball
1-1: Foul Ball, location: 2F
1-2: Fly out, F4 (Popup, 34)
Top of the 7th over - 1 run(s), 2 hit(s), 1 error(s), 2 left on base; Key West 2 - Santa Fe 2
BOTTOM OF THE 7TH
Santa Fe Diablos batting - Pitching for Key West Barracudas : RHP Gabe Lewis
Batting: LHB Javier Martínez 0-0: Called Strike
0-1: Ball
1-1: Swinging Strike
1-2: Ball
2-2: Strikes out swinging
Pinch Hitting: SHB Tex White 0-0: Called Strike
0-1: DOUBLE (Flyball, 7D)
Batting: LHB David Hernández 0-0: Called Strike
0-1: Foul Ball, location: 2F
0-2: Ball
1-2: Ball
2-2: SINGLE (Line Drive, 6MD)
Tex White to third
Runner from 3rd tries for Home, SAFE, throw made home
David Hernández to second
Batting: SHB George Adams 0-0: Ball
Wild Pitch!
David Hernández to third
1-0: SINGLE (Groundball, 56)
David Hernández scores
Batting: LHB Michael Barrett 0-0: Called Strike
0-1: Called Strike
0-2: Ball
1-2: Ball
George Adams steals 2nd base
2-2: Fly out, F8 (Flyball, 8RM)
Batting: RHB Lee Price 0-0: Fly out, F9 (Flyball, 9S)
Bottom of the 7th over - 2 run(s), 3 hit(s), 0 error(s), 1 left on base; Key West 2 - Santa Fe 4
TOP OF THE 8TH
Key West Barracudas batting - Pitching for Santa Fe Diablos : RHP Josh Carson
Now in CF: Keith Jones
Batting: RHB Anastasio Zartuche 0-0: DOUBLE (Line Drive, 7LM)
Pitching: RHP Manuel Zarate
Batting: SHB Dan Dunn 0-0: Fly out, F9 (Flyball, 9S)
Batting: RHB Júlio Cruz 0-0: Called Strike
0-1: Ball
1-1: Swinging Strike
1-2: Strikes out swinging
Batting: RHB Richard Sanders 0-0: Fly out, F8 (Flyball, 8LM)
Top of the 8th over - 0 run(s), 1 hit(s), 0 error(s), 1 left on base; Key West 2 - Santa Fe 4
BOTTOM OF THE 8TH
Santa Fe Diablos batting - Pitching for Key West Barracudas : RHP Gabe Lewis
Batting: LHB John Bond 0-0: Ball
1-0: Called Strike
1-1: Ball
2-1: Fly out, F8 (Line Drive, 89D)
Batting: RHB John Dinkins 0-0: Fly out, F9 (Flyball, 9LS)
Batting: LHB Ricardo Ruíz 0-0: Called Strike
0-1: Ball
1-1: DOUBLE (Line Drive, 8RD)
Batting: LHB Javier Martínez 0-0: Ball
1-0: Ball
2-0: Ball
3-0: Called Strike
3-1: Called Strike
3-2: Foul Ball, location: 2F
3-2: Base on Balls
Pinch Hitting: SHB Scott Compton 0-0: Foul Ball, location: 2F
0-1: SINGLE (Line Drive, 8LS)
Ricardo Ruíz to third
Javier Martínez to second
Runner from 3rd tries for Home, SAFE, no throw
Pitching: LHP Josh Chamberlain
Batting: LHB David Hernández 0-0: Foul Ball, location: 2F
0-1: Called Strike
0-2: Foul Ball, location: 2F
0-2: Ball
1-2: Fielders Choice at 2nd, 4-6 (Groundball, 34)
Bottom of the 8th over - 1 run(s), 2 hit(s), 0 error(s), 1 left on base; Key West 2 - Santa Fe 5
TOP OF THE 9TH
Key West Barracudas batting - Pitching for Santa Fe Diablos : RHP Manuel Zarate
Pitching: RHP Joe King
Now in CF: Ángel Díaz
Batting: SHB Héctor Jiménez 0-0: Ball
1-0: Called Strike
1-1: Foul Ball, location: 2F
1-2: Ball
2-2: Strikes out looking
Batting: RHB Frederick Chamberlain 0-0: DOUBLE (Line Drive, 89XD)
Batting: SHB Héctor Padilla 0-0: Foul Ball, location: 2F
0-1: Ball
1-1: Ball
2-1: Ground out 4-3 (Groundball, 4)
Frederick Chamberlain to third
Batting: RHB Ramón Díaz 0-0: Called Strike
0-1: Ball
1-1: Ball
2-1: Foul Ball, location: 2F
2-2: Ball
3-2: SINGLE (Line Drive, 7S)
Frederick Chamberlain scores
Batting: SHB Jacob Knapp 0-0: Called Strike
0-1: Ball
1-1: SINGLE (Groundball, 4MD)
Ramón Díaz to second
Runner from 2nd tries for 3rd, SAFE, throw made to third
Batting: RHB Anastasio Zartuche 0-0: Reached on error, E5 (Groundball, 56S)
Ramón Díaz scores
Jacob Knapp to second
Batting: SHB Dan Dunn 0-0: Ball
1-0: Foul Ball, location: 2F
1-1: Foul Ball, location: 2F
1-2: Ball
2-2: Strikes out swinging
Top of the 9th over - 2 run(s), 3 hit(s), 1 error(s), 2 left on base; Key West 4 - Santa Fe 5
Tuesday, August 8th, 2017 - OOTP Baseball 17.12 Build 75